[ AOE2 MATCH · #484303401 ]
1v1 RMBurgundians vs Magyars
Rival team · WIN
[ REPLAY ANALYSIS · EXTRACTED FROM THE RECORDED GAME ]
Feudal
15:37
Castle
19:33
Imperial
—
| APM avg | 15.9 |
| APM peak | 41 |
| eAPM avg | 9.1 |
| Villagers / military | 45 / 11 |
Focus
⚔️ 13.7% · 🌾 86.3%
Spearman ×8 · Militia ×2 · Scout Cavalry ×1
Feudal
12:39
Castle
24:19
Imperial
—
| APM avg | 67.6 |
| APM peak | 96 |
| eAPM avg | 25.0 |
| Villagers / military | 41 / 24 |
Focus
⚔️ 10.4% · 🌾 89.6%
Scout Cavalry ×15 · Knight ×9
Match map
Initial resources + every placement click. Lines = walls · curves = elevation contours. ◆ gold · ⬟ stone · ● berries · ✦ relic · ◌ wall gap
Your base· Open — unwalled flank
The Nice Guy's base· Open — unwalled flank
Smoothed initial terrain · ◌ = detected wall gap · hover for details
Inputs per minute
— CryAndDie - - The Nice Guy
Build order — CryAndDie
104 actions detected in the replay
| 0:27 | Build | Town Center |
| 0:41 | Build | House |
| 2:35 | Create | Villager (Male) |
| 2:35 | Create | Villager (Male) |
| 2:36 | Create | Villager (Male) |
| 2:45 | Create | Villager (Male) |
| 3:15 | Build | House |
| 3:51 | Create | Villager (Male) |
| 4:36 | Create | Villager (Male) |
| 5:00 | Build | House |
| 5:04 | Create | Villager (Male) |
| 5:31 | Create | Villager (Male) |
| 5:56 | Create | Villager (Male) |
| 6:35 | Create | Villager (Male) |
| 6:36 | Create | Villager (Male) |
| 7:07 | Build | House |
| 7:08 | Build | House |
| 7:15 | Create | Villager (Male) |
| 7:15 | Create | Villager (Male) |
| 8:09 | Create | Villager (Male) |
| 8:19 | Create | Villager (Male) |
| 9:00 | Build | Mill |
| 9:03 | Create | Villager (Male) |
| 9:03 | Create | Villager (Male) |
| 9:51 | Build | Farm |
| 9:54 | Build | Farm |
| 9:57 | Build | Farm |
| 10:04 | Create | Villager (Male) |
| 10:04 | Create | Villager (Male) |
| 10:05 | Create | Villager (Male) |
| 10:11 | Build | Farm |
| 10:15 | Build | Farm |
| 10:31 | Create | Villager (Male) |
| 10:32 | Create | Villager (Male) |
| 10:48 | Research | Horse Collar |
| 11:24 | Create | Villager (Male) |
| 11:24 | Create | Villager (Male) |
| 11:25 | Create | Villager (Male) |
| 11:31 | Build | Farm |
| 12:09 | Build | Farm |
| 12:18 | Build | Farm |
| 12:42 | Build | Mining Camp |
| 13:27 | Research | Feudal Age |
| 13:37 | Build | Barracks |
| 13:49 | Build | Farm |
| 14:19 | Build | House |
| 14:26 | Build | Farm |
| 14:30 | Create | Villager (Male) |
| 14:30 | Create | Villager (Male) |
| 14:30 | Create | Villager (Male) |
| 15:37 | Age | Feudal Age |
| 15:40 | Build | Archery Range |
| 16:03 | Build | Stable |
| 16:53 | Research | Castle Age |
| 16:56 | Research | Heavy Plow |
| 17:09 | Build | Lumber Camp |
| 17:25 | Create | Spearman |
| 17:31 | Create | Scout Cavalry |
| 17:44 | Research | Double-Bit Axe |
| 17:49 | Research | Stone Mining |
| 17:58 | Create | Spearman |
| 18:18 | Research | Bow Saw |
| 18:25 | Research | Wheelbarrow |
| 19:33 | Age | Castle Age |
| 19:44 | Build | Town Center |
| 20:15 | Research | Town Watch |
| 20:40 | Create | Villager (Male) |
| 20:40 | Create | Villager (Male) |
| 20:40 | Create | Villager (Male) |
| 20:59 | Create | Spearman |
| 21:08 | Create | Villager (Male) |
| 21:09 | Create | Villager (Male) |
| 21:26 | Build | Town Center |
| 21:29 | Create | Spearman |
| 21:37 | Build | Farm |
| 21:40 | Build | Farm |
| 21:47 | Create | Spearman |
| 22:17 | Create | Villager (Male) |
| 22:28 | Build | Farm |
| 22:31 | Build | Farm |
| 22:33 | Build | Farm |
| 22:47 | Build | Farm |
| 22:59 | Build | Farm |
| 22:59 | Create | Villager (Male) ×2 |
| 23:04 | Build | Farm |
| 23:07 | Build | Farm |
| 23:09 | Create | Villager (Male) |
| 23:11 | Create | Villager (Male) |
| 23:26 | Create | Villager (Male) |
| 23:34 | Build | Farm |
| 23:36 | Build | Farm |
| 23:50 | Create | Villager (Male) |
| 23:50 | Create | Villager (Male) |
| 23:55 | Build | House |
| 23:56 | Build | House |
| 23:57 | Build | House |
| 23:58 | Build | House |
| 24:00 | Create | Villager (Male) ×2 |
| 24:00 | Create | Villager (Male) ×2 |
| 24:39 | Create | Militia |
| 24:39 | Create | Militia |
| 24:40 | Create | Spearman |
| 24:40 | Create | Spearman |
| 24:40 | Create | Spearman |
Build order — The Nice Guy
141 actions detected in the replay
| 1:04 | Build | Town Center |
| 1:20 | Build | House |
| 1:56 | Build | House |
| 2:56 | Create | Villager (Male) |
| 2:57 | Create | Villager (Male) |
| 3:17 | Create | Villager (Male) |
| 3:29 | Create | Villager (Male) |
| 4:00 | Create | Villager (Male) |
| 4:00 | Create | Villager (Male) |
| 4:53 | Create | Villager (Male) |
| 5:06 | Create | Villager (Male) |
| 5:06 | Create | Villager (Male) |
| 5:48 | Create | Villager (Male) |
| 6:01 | Create | Villager (Male) |
| 6:34 | Create | Villager (Male) |
| 6:45 | Build | House |
| 7:08 | Create | Villager (Male) |
| 7:08 | Create | Villager (Male) |
| 7:08 | Create | Villager (Male) |
| 7:59 | Create | Villager (Male) |
| 8:08 | Create | Villager (Male) |
| 8:48 | Build | Mill |
| 8:49 | Create | Villager (Male) |
| 9:10 | Research | Loom |
| 9:10 | Research | Loom |
| 9:34 | Build | Lumber Camp |
| 9:38 | Create | Villager (Male) |
| 10:03 | Create | Villager (Male) |
| 10:20 | Build | Farm |
| 10:24 | Research | Feudal Age |
| 10:24 | Research | Feudal Age |
| 10:58 | Build | Barracks |
| 11:05 | Build | House |
| 11:07 | Create | Villager (Male) |
| 11:47 | Create | Villager (Male) |
| 11:58 | Build | Lumber Camp |
| 12:39 | Age | Feudal Age |
| 12:44 | Build | Stable |
| 12:48 | Create | Villager (Male) |
| 12:58 | Build | House |
| 13:13 | Research | Double-Bit Axe |
| 13:41 | Build | Farm |
| 13:50 | Create | Scout Cavalry |
| 13:53 | Create | Villager (Male) |
| 13:57 | Research | Horse Collar |
| 13:57 | Research | Horse Collar |
| 14:06 | Create | Villager (Male) |
| 14:09 | Build | Farm |
| 14:13 | Create | Scout Cavalry |
| 14:23 | Build | Farm |
| 14:28 | Build | House |
| 14:37 | Create | Villager (Male) |
| 14:49 | Build | Farm |
| 14:52 | Build | Farm |
| 14:53 | Create | Scout Cavalry |
| 15:01 | Build | House |
| 15:11 | Create | Villager (Male) |
| 15:22 | Build | Farm |
| 15:26 | Build | Farm |
| 15:30 | Build | House |
| 15:32 | Create | Scout Cavalry |
| 15:43 | Create | Villager (Male) |
| 15:49 | Build | Farm |
| 15:52 | Create | Scout Cavalry |
| 16:09 | Build | Farm |
| 16:27 | Create | Villager (Male) |
| 16:31 | Build | Farm |
| 16:51 | Create | Scout Cavalry |
| 16:52 | Create | Villager (Male) |
| 16:55 | Build | Farm |
| 16:59 | Build | Farm |
| 17:02 | Create | Villager (Male) |
| 17:05 | Build | Farm |
| 17:29 | Create | Scout Cavalry |
| 17:29 | Create | Villager (Male) |
| 17:38 | Build | Blacksmith |
| 17:42 | Create | Villager (Male) |
| 17:50 | Build | Market |
| 17:54 | Build | Farm |
| 17:57 | Create | Scout Cavalry |
| 17:57 | Create | Villager (Male) |
| 18:11 | Build | Farm |
| 18:12 | Build | Farm |
| 18:16 | Create | Villager (Male) |
| 18:32 | Create | Scout Cavalry |
| 19:01 | Create | Villager (Male) |
| 19:02 | Create | Scout Cavalry |
| 19:10 | Build | House |
| 19:27 | Research | Scale Barding Armor |
| 19:32 | Build | House |
| 19:40 | Create | Scout Cavalry |
| 19:54 | Build | Farm |
| 20:22 | Build | Farm |
| 20:55 | Create | Villager (Male) |
| 21:34 | Create | Villager (Male) |
| 21:39 | Research | Castle Age |
| 21:46 | Build | Stable |
| 21:56 | Build | Palisade Wall |
| 21:58 | Build | Palisade Wall |
| 22:06 | Create | Villager (Male) |
| 22:16 | Build | Mining Camp |
| 22:30 | Research | Bloodlines |
| 22:30 | Research | Bloodlines |
| 22:33 | Create | Villager (Male) |
| 22:51 | Build | House |
| 22:54 | Research | Gold Mining |
| 23:26 | Build | Palisade Wall |
| 23:29 | Build | Palisade Wall |
| 23:34 | Build | House |
| 24:02 | Build | Stable |
| 24:19 | Age | Castle Age |
| 24:21 | Create | Knight |
| 24:22 | Create | Knight |
| 24:35 | Research | Chain Barding Armor |
| 24:35 | Research | Chain Barding Armor |
| 24:38 | Research | Husbandry |
| 24:44 | Build | Lumber Camp |
| 24:56 | Research | Light Cavalry (upgrade) |
| 24:56 | Research | Light Cavalry (upgrade) |
| 25:13 | Create | Scout Cavalry |
| 25:14 | Create | Scout Cavalry |
| 25:17 | Build | House |
| 25:26 | Create | Knight |
| 25:28 | Create | Scout Cavalry |
| 25:28 | Create | Scout Cavalry |
| 25:48 | Create | Knight |
| 25:49 | Create | Knight |
| 25:52 | Build | House |
| 25:53 | Build | House |
| 25:56 | Build | Palisade Wall |
| 26:05 | Build | House |
| 26:09 | Build | Palisade Wall |
| 26:15 | Create | Knight |
| 26:15 | Create | Knight |
| 26:21 | Research | Wheelbarrow |
| 26:21 | Research | Wheelbarrow |
| 26:32 | Create | Knight |
| 26:35 | Create | Villager (Male) |
| 26:42 | Build | Farm |
| 26:47 | Build | Palisade Wall |
| 27:00 | Create | Knight |
Match timeline
| 10:58 | The Nice Guy · first_building Barracks |
| 12:39 | The Nice Guy · age_up feudal |
| 12:44 | The Nice Guy · first_building Stable |
| 13:37 | CryAndDie · first_building Barracks |
| 15:37 | CryAndDie · age_up feudal |
| 15:40 | CryAndDie · first_building Archery Range |
| 16:03 | CryAndDie · first_building Stable |
| 19:33 | CryAndDie · age_up castle |
| 20:06 | The Nice Guy · first_market_sell 100 wood |
| 21:56 | The Nice Guy · wall_segment Palisade Wall x1 |
| 21:58 | The Nice Guy · wall_segment Palisade Wall x1 |
| 23:26 | The Nice Guy · wall_segment Palisade Wall x1 |
| 23:29 | The Nice Guy · wall_segment Palisade Wall x1 |
| 24:19 | The Nice Guy · age_up castle |
| 25:56 | The Nice Guy · wall_segment Palisade Wall x1 |
| 26:09 | The Nice Guy · wall_segment Palisade Wall x2 |
| 26:47 | The Nice Guy · wall_segment Palisade Wall x1 |
| 27:06 | CryAndDie · resign |
[ AI ANALYSIS · 1 CREDIT ]
What really happened in this match?
Wolo.gg analyzes every decision: build order, eco, micro, common mistakes by bracket. Personalized analysis on WhatsApp or Discord in 30 seconds.
Civ guide
Burgundians
Map guide
African Clearing
Perfil
Jugador #549421